 Dungeon Crawl Stone Soup version 0.28-a0-863-g8cecda6153 (webtiles) character file.

Game seed: 10061271909141385646

400386 jasper the Slayer (level 22, -32/198 HPs)
             Began as a Demonspawn Fighter on Nov 18, 2021.
             Was the Champion of Trog.
             Annihilated by an orc warlord (52 damage)
             ... on level 1 of the Depths.
             The game lasted 01:35:59 (57933 turns).

jasper the Slayer (Demonspawn Fighter)             Turns: 57933, Time: 01:35:59

Health: -32/198    AC: 29    Str: 22      XL:     22   Next: 27%
Magic:  22/22      EV: 21    Int: 14      God:    Trog [******]
Gold:   3278       SH: 23    Dex: 23 (24) Spells: 21/21 levels left

rFire   + + .      SeeInvis .   M - +9 demon whip "Carghaiha" {vorpal, rN+}
rCold   + . .      Faith    .   m - +3 kite shield of the Slightly Bent {rN++ Stlth+}
rNeg    + + +      Spirit   .   J - +5 fire dragon scales
rPois   +          Reflect  +   a - +2 hat of the Thistle {rC+ Int+3 Dex+2}
rElec   .          Harm     .   h - +2 cloak of Jeotti {+Inv Str+6}
rCorr   +          Rampage  .   (gloves unavailable)
Will    ++...                   c - +2 pair of boots
Stlth   +.........              f - amulet of Zin's Supremacy {Reflect rCorr SH+5}
HPRegen 0.43/turn               i - ring "Gunafy" {rPois rC+ Will+}
MPRegen 0.18/turn               g - +4 ring of slaying

@: studying Evocations
A: thin metallic scales 1, demonic guardian 3, spiny 3, demonic touch 3,
deterioration 1
}: 2/15 runes: decaying, gossamer
a: Renounce Religion, Evoke Invisibility, Berserk, Trog's Hand, Brothers in Arms


You were on level 1 of the Depths.
You worshipped Trog.
Trog was exalted by your worship.
You visited 9 branches of the dungeon, and saw 40 of its levels.
You also visited: Trove, Ice Cave, Volcano and Wizlab.

You collected 6531 gold pieces.
You spent 3253 gold pieces at shops.

Inventory:

Hand Weapons
 v - a +9 demon whip of draining
 M - the +9 demon whip "Carghaiha" (weapon) {vorpal, rN+}
   (You acquired it on level 4 of the Vaults)

   It inflicts extra damage upon your enemies.
   rN:        It protects you from negative energy.
 R - a +3 eveningstar of holy wrath
Missiles
 B - 18 curare-tipped darts (quivered)
 S - 5 javelins
 X - 2 throwing nets
Armour
 a - the +2 hat of the Thistle (worn) {rC+ Int+3 Dex+2}
   (You found it in a treasure trove)

   Int:       It affects your intelligence (+3).
   Dex:       It affects your dexterity (+2).
   rC:        It protects you from cold.
 c - a +2 pair of boots (worn)
 h - the +2 cloak of Jeotti (worn) {+Inv Str+6}
   (You bought it in a shop on level 2 of the Orcish Mines)

   Str:       It affects your strength (+6).
   +Inv:      It lets you turn invisible.
 m - the +3 kite shield of the Slightly Bent (worn) {rN++ Stlth+}
   (You found it in a treasure trove)

   rN:        It greatly protects you from negative energy.
   Stlth:     It makes you more stealthy.
 J - +5 fire dragon scales (worn)
 Z - the +2 chain mail of Whack-A-Mole {Str+3}
   (You found it on level 5 of the Lair of Beasts)

   Str:       It affects your strength (+3).
Jewellery
 f - the amulet of Zin's Supremacy (around neck) {Reflect rCorr SH+5}
   (You acquired it on level 14 of the Dungeon)

   [amulet of reflection]

   It reflects blocked missile attacks.
   rCorr:     It protects you from acid and corrosion.
   SH:        It affects your SH (+5).
 g - a +4 ring of slaying (right hand)
 i - the ring "Gunafy" (left hand) {rPois rC+ Will+}
   (You acquired it on level 2 of the Vaults)

   [ring of protection from cold]

   rC:        It protects you from cold.
   rPois:     It protects you from poison.
   Will:      It increases your willpower.
 A - a ring of positive energy
 G - a ring of protection from fire
 O - a ring of resist corrosion
Wands
 b - a wand of mindburst (12)
 r - a wand of digging (12)
 s - a wand of acid (33)
 y - a wand of paralysis (48)
 E - a wand of flame (60)
 K - a wand of polymorph (31)
 Q - a wand of iceblast (26)
Scrolls
 l - 11 scrolls of identify
 u - 20 scrolls of teleportation
 w - 2 scrolls of magic mapping
 x - 3 scrolls of silence
 C - 7 scrolls of fear
 I - 2 scrolls of summoning
 T - 4 scrolls of immolation
 U - 6 scrolls of fog
Potions
 d - 12 potions of might
 e - 19 potions of curing
 k - 2 potions of invisibility
 n - 7 potions of heal wounds
 o - 6 potions of mutation
 p - 10 potions of haste
 q - 2 potions of resistance
 D - 7 potions of cancellation
 F - 7 potions of lignification
 P - 2 potions of magic
 V - 6 potions of ambrosia
 W - 4 potions of flight
Miscellaneous
 j - a lightning rod (4/4)
 t - a box of beasts
 z - a phial of floods
 H - a condenser vane (inert)
 L - a phantom mirror
 N - a tin of tremorstones (1/2)


   Skills:
 + Level 22.8 Fighting
 - Level 5.3 Long Blades
 - Level 17.0 Maces & Flails
 - Level 15.0 Armour
 - Level 15.3 Dodging
 - Level 15.0 Shields
 - Level 15.0 Evocations


You had 21 spell levels left.
You didn't know any spells.
Your spell library contained the following spells:

 Spells                   Type           Power      Damage    Failure   Level
 Slow                     Hex            0%         N/A       54%         1
 Confusing Touch          Hex            0%         N/A       89%         3
 Vampiric Draining        Necr           0%         2d6       89%         3


Dungeon Overview and Level Annotations

Branches:
Dungeon (15/15)            Temple (1/1) D:4            Lair (6/6) D:8
  Swamp (4/4) Lair:4       Spider (4/4) Lair:2        Slime (0/5) Lair:5
    Orc (2/2) D:10            Elf (3/3) Orc:2        Vaults (4/5) D:14
  Crypt (0/3) Vaults:2     Depths (1/4) D:15          IceCv (visited)
Volcano (visited)          WizLab (visited)

Altars:
Ashenzari
Cheibriados
Dithmenos
Elyvilon
Fedhas
Gozag
Hepliaklqana
Kikubaaqudgha
Makhleb
Nemelex Xobeh
Okawaru
Qazlal
Ru
Sif Muna
Trog
Uskayaw
Vehumet
Wu Jian
Xom
Yredelemnul
Zin
The Shining One
Beogh
Jiyva
Lugonu

Shops:
D:6 :   D:7 [   D:8 *   Orc:2 ![?![   Elf:1 **   Elf:2 !   Elf:3 [

Portals:
Abyss: Lair:6

Annotations:
D:6 Maggie
Lair:5 1 runed translucent door
Elf:2 3 runed translucent doors
Elf:3 1 exclusion
Vaults:2 3 runed translucent doors, Tang's ghost, master DsGl


Innate Abilities, Weirdness & Mutations

You are partially covered in thin metallic scales. (AC +2)
A powerful demonic guardian rushes to your aid.
You are completely covered in sharp spines.
Your touch may irresistibly damage your foes and sap their willpower.
Your body sometimes deteriorates upon taking damage.


Message History

The burst of rock shards engulfs the orc knight but does no damage. x2
The burst of rock shards engulfs the orc knight!
The burst of rock shards engulfs you but does no damage.
The burst of rock shards engulfs the orc warlord but does no damage. x3
The burst of rock shards engulfs the orc knight!
The burst of rock shards engulfs the orc knight but does no damage.
The burst of rock shards engulfs the orc warlord!
The burst of rock shards engulfs the orc knight.
The orc knight is engulfed in freezing vapours.
You block the orc knight's attack.
The orc knight is engulfed in freezing vapours.
The orc knight completely misses you.
The orc knight is engulfed in freezing vapours.
The orc knight misses you.
The orc knight is engulfed in freezing vapours.
The orc knight completely misses you.
The orc warlord is engulfed in freezing vapours.
The orc warlord hits you from afar with a +2 glaive of flaming.
* * * LOW HITPOINT WARNING * * *
You block the orc warlord's attack.
You feel your dexterity returning.
You take 5 damage, and have 47/198 hp.
You feel much better.
The orc knight is engulfed in freezing vapours.
You kill the orc knight!
Trog accepts your kill.
The orc knight is engulfed in freezing vapours.
You block the orc knight's attack.
The orc knight is engulfed in freezing vapours.
You kill the orc knight!
Trog accepts your kill.
The orc knight is engulfed in freezing vapours.
The orc knight completely misses you.
The orc warlord is struck by your spines.
The orc warlord hits you with a +3 great mace!!!
* * * LOW HITPOINT WARNING * * *
A demonic guardian appears!
The orc warlord is engulfed in freezing vapours.
The orc warlord hits you from afar with a +2 glaive of flaming!!!
You die...

### ###### #≈≈ .....#
#≈####### .....#
#≈#§§§§§# .....#
#≈#§§§§§#
.....#######≈#§§§§§#
.....'......≈#2§o§§#
.....###....≈#§oo§§#
.....###.###≈##o@'##≈#
............≈≈≈...≈≈≈#
..)[.)...####.##.#####
......)..###.###.###
........###.###....#
≈≈≈≈....##.## #.##.#
≈≈≈≈.'....#####.##.#
≈≈≈≈.)..........##.#
≈≈≈≈.[.....#######.#


You could see 2 orc warlords, 2 orc knights and a friendly cacodemon (summoned).

Vanquished Creatures
  A bone dragon (Swamp:4)
  An Ice Fiend (IceCv)
  A Cloud Mage (WizLab)
  Mlioglotl (Spider:1)
  Asterion (Vaults:2)
  A deep elf master archer (Elf:3)
  2 deep elf blademasters (Elf:3)
  A sphinx (Vaults:3)
  Frances (Elf:1)
  A storm dragon (D:15)
  A tengu reaver (Vaults:3)
  A thorn hunter (Swamp:2)
  Kirke (Lair:5)
  Agnes (Elf:2)
  3 fenstrider witches
  Donald (Spider:2)
  4 ghost moths (Spider:4)
  3 orc warlords (Vaults:4)
  4 deep elf sorcerers
  A frost giant (D:15)
  A fire giant (D:15)
  Louise (D:15)
  10 vault wardens
  An iron dragon (D:15)
  Aizul (Vaults:1)
  4 deep elf elementalists (Elf:3)
  7 emperor scorpions (Spider:4)
  A stone giant (D:15)
  The ghost of pokeman the Sorcerer, a journeyman DEWz of Vehumet (Swamp:1)
  15 very ugly things
  8 ghouls (Swamp:3)
  2 war gargoyles (Vaults:4)
  A vampire knight (Depths:1)
  9 ironbound preservers
  6 deep elf demonologists
  7 deep elf annihilators (Elf:3)
  2 entropy weavers
  2 spark wasps (WizLab)
  8 bunyips
  3 eleionomae
  A blizzard demon (WizLab)
  5 deep elf death magi (Elf:3)
  2 fire dragons
  2 ettins
  3 great orbs of eyes
  A shambling mangrove (Swamp:3)
  11 yaktaur captains
  Josephine (Swamp:1)
  4 deep elf high priests (Elf:3)
  11 boulder beetles
  3 rakshasas
  3 ironbound thunderhulks
  4 ghost crabs
  Erolcha (D:10)
  2 ice dragons (Depths:1)
  12 hydras
  11 vault guards
  A caustic shrike simulacrum (IceCv)
  7 ogre magi
  5 spriggan air magi
  15 centaur warriors
  8 ironbound frosthearts
  2 catoblepae
  7 alligators
  4 death knights
  2 deep troll earth magi (Depths:1)
  20 two-headed ogres
  15 death yaks
  3 tengu warriors
  2 thrashing horrors (Lair:6)
  11 dancing weapons
  The ghost of Rennog the Martial Artist, a novice DjTm of Ashenzari (D:8)
  4 orc high priests
  4 deep elf knights
  A spriggan berserker (Depths:1)
  4 large abominations (Lair:6)
  3 shock serpents (WizLab)
  A shadow wraith (Vaults:2)
  Nergalle (D:11)
  14 skeletal warriors
  A goliath frog (Swamp:1)
  4 death drakes
  2 iron trolls (Depths:1)
  6 spriggan druids
  7 swamp dragons
  A glowing orange brain (Vaults:3)
  26 deep trolls
  7 lindwurms
  13 ironbound convokers
  9 deep elf archers
  2 obsidian statues (IceCv)
  12 bog bodies
  12 wizards
  6 orc knights
  2 phantasmal warriors
  22 deep elf pyromancers
  An orb spider (shapeshifter) (D:14)
  42 ugly things
  16 orb spiders
  9 deep elf zephyrmancers
  5 orc sorcerers
  4 spectral hydras (Swamp:4)
  11 cyclopes
  30 wolf spiders
  4 will-o-the-wisps
  5 manticores
  6 moths of wrath
  A salamander (Depths:1)
  19 elephants
  A guardian serpent (shapeshifter) (Lair:6)
  5 torpor snails
  A black mamba (Lair:3)
  14 vault sentinels
  3 apocalypse crabs (WizLab)
  A smoke demon (Lair:6)
  A gargoyle (Volcano)
  12 cane toads
  5 efreet
  25 yaktaurs
  A swamp worm zombie (Swamp:4)
  5 kobold demonologists (D:9)
  3 tengu conjurers
  5 demonic crawlers
  9 komodo dragons
  4 rime drakes
  9 freezing wraiths
  An anaconda simulacrum (IceCv)
  3 golden dragon simulacra (IceCv)
  An ancient zyme (Lair:6)
  2 trolls
  34 jumping spiders
  A jumping spider (shapeshifter) (D:15)
  3 hydra zombies (Swamp:4)
  2 bloated husks
  3 meliai (D:10)
  A queen bee (shapeshifter) (D:9)
  4 tyrant leeches
  A polar bear (shapeshifter) (D:15)
  A polar bear (Lair:2)
  16 hornets
  2 spectral swamp dragons (Swamp:4)
  A wolf spider simulacrum (D:15)
  29 blink frogs
  25 slime creatures
  5 alligator zombies (Swamp:4)
  A meliai zombie (D:11)
  11 air elementals
  A human simulacrum (Vaults:1)
  4 ynoxinuls (Lair:6)
  29 tarantellas
  2 vampires (D:9)
  99 redbacks
  3 shadows
  2 wyverns
  2 water elementals
  16 yaks
  15 spriggans
  Eustachio (D:6)
  9 wraiths
  3 fire elementals
  2 minotaur simulacra (IceCv)
  7 basilisks
  18 vampire mosquitoes
  2 steam dragons
  14 swamp worms
  2 two-headed ogre zombies (D:10)
  A warg (Orc:2)
  2 hydra simulacra (IceCv)
  2 acid dragons
  11 water moccasins
  4 ice beasts
  A meliai simulacrum (D:15)
  10 orc warriors
  2 black bears
  4 swamp dragon zombies (Swamp:4)
  An ettin simulacrum (IceCv)
  24 ogres
  2 necrophages
  2 boggarts
  17 wolves
  12 centaurs
  10 phantoms
  3 kobold brigands (D:9)
  14 bullfrogs
  2 scorpions
  A wyvern zombie (D:9)
  2 water moccasin zombies
  2 gnoll sergeants
  An earth elemental (Elf:2)
  9 small abominations (Lair:6)
  A troll zombie (D:10)
  9 killer bees
  4 electric eels
  7 howler monkeys
  5 centaur zombies
  Crazy Yiuf (D:4)
  3 jellies
  A bullfrog zombie (D:5)
  7 orc priests
  7 hounds
  Ijyb (D:4)
  A gnoll shaman (D:9)
  6 hell rats (Lair:4)
  An iguana (D:5)
  6 orc wizards
  A spectral swamp drake (Swamp:4)
  5 ogre zombies (D:10)
  2 centaur simulacra
  3 hound skeletons
  2 howler monkey zombies (D:9)
  A howler monkey skeleton (D:4)
  A swamp drake zombie (Swamp:4)
  3 gnolls (D:8)
  10 adders
  2 white imps
  An ufetubus (D:4)
  2 worms
  2 dart slugs
  35 orcs
  6 endoplasms
  A giant cockroach (D:3)
  2 goblins
  7 hobgoblins
  10 jackals
  A quokka (D:5)
  8 ball pythons
  8 bats
  2 frilled lizards
  2 goblin skeletons (D:10)
  3 goblin zombies (D:10)
  2 hobgoblin skeletons (D:10)
  4 hobgoblin zombies (D:10)
  7 kobolds
  2 orc skeletons (D:10)
  10 orc zombies (D:10)
  2 rats (D:1)
1446 creatures vanquished.

Vanquished Creatures (collateral kills)
  A deep elf master archer (Elf:3)
  A stone giant (Vaults:3)
  A spark wasp (WizLab)
  2 blizzard demons (WizLab)
  An ironbound thunderhulk (Vaults:4)
  A caustic shrike simulacrum (IceCv)
  A great orb of eyes (D:15)
  2 hydras
  A catoblepas (Lair:2)
  3 ghost crabs (WizLab)
  An ogre mage (Vaults:3)
  2 centaur warriors
  A dancing weapon (Elf:2)
  Urug (D:10)
  A skeletal warrior (D:14)
  A goliath frog (Swamp:1)
  2 death drakes (WizLab)
  A phantasmal warrior (Swamp:4)
  A lindwurm (Vaults:2)
  An orb spider (Spider:1)
  An orc knight (Vaults:4)
  A deep elf pyromancer (Elf:3)
  A bog body (Swamp:1)
  A deep elf zephyrmancer (Elf:2)
  An orc sorcerer (Orc:1)
  2 komodo dragons
  A bloated husk (Swamp:1)
  A troll (D:10)
  2 blink frogs (Lair:6)
  2 shadows
  A spriggan (Swamp:1)
  An air elemental (WizLab)
  2 basilisks (Lair:6)
  A vampire mosquito (Swamp:4)
  3 hydra simulacra (IceCv)
  A small abomination (Lair:6)
  An orc warrior (D:7)
  2 centaurs (D:9)
  A kobold brigand (D:9)
  An orc wizard (D:9)
  A howler monkey zombie (D:9)
  An orc zombie (D:10)
55 creatures vanquished.

Vanquished Creatures (others)
  A spark wasp (WizLab)
  A boulder beetle (D:15)
  A deep elf knight (Elf:2)
  A death drake (WizLab)
  A deep elf pyromancer (Elf:3)
  A deep elf zephyrmancer (Elf:2)
  An apocalypse crab (WizLab)
  5 bloated husks
  An air elemental (WizLab)
  18 foxfires
  27 fungi
  49 plants
107 creatures vanquished.

Grand Total: 1608 creatures vanquished

Notes
Turn   | Place    | Note
-------+----------+-------------------------------------------
     0 | D:1      | jasper the Demonspawn Fighter began the quest for the Orb.
     0 | D:1      | Reached XP level 1. HP: 18/18 MP: 1/1
   252 | D:1      | Found a faded altar of an unknown god.
   424 | D:1      | Gained mutation: A weak demonic guardian rushes to your
                  | aid. [demonic ancestry]
   424 | D:1      | Reached XP level 2. HP: 22/24 MP: 2/2
  1195 | D:2      | Reached XP level 3. HP: 26/29 MP: 3/3
  1455 | D:2      | Gained mutation: You are partially covered in sharp spines.
                  | [demonic ancestry]
  1455 | D:2      | Reached XP level 4. HP: 34/35 MP: 4/4
  2314 | D:3      | Noticed an angel
  2498 | D:3      | Found a blossoming altar of Fedhas.
  2514 | D:3      | Noticed an ogre
  2572 | D:4      | Noticed a bullfrog
  2579 | D:4      | Killed a bullfrog
  2580 | D:4      | Reached skill level 1 in Dodging
  2580 | D:4      | Gained mutation: You are mostly covered in sharp spines.
                  | [demonic ancestry]
  2580 | D:4      | Reached XP level 5. HP: 41/41 MP: 5/5
  2600 | D:4      | Noticed a necrophage
  2621 | D:4      | Killed a necrophage
  2622 | D:4      | Reached XP level 6. HP: 45/48 MP: 6/6
  2693 | D:4      | Noticed Ijyb
  2717 | D:4      | Killed Ijyb
  2718 | D:4      | Reached skill level 4 in Fighting
  2750 | D:4      | Found a staircase to the Ecumenical Temple.
  2763 | Temple   | Entered the Ecumenical Temple
  2789 | Temple   | Became a worshipper of Trog the Wrathful
  2796 | D:4      | Identified the +9 hand axe of Fimbulwinter {vorpal, Stlth+}
  2862 | D:4      | Found a stormy altar of Qazlal.
  2862 | D:4      | Found an opulent altar of Gozag.
  2865 | D:4      | Found a broken altar of Ashenzari.
  3274 | D:4      | Found a runed translucent door.
  3275 | D:4      | Noticed Crazy Yiuf
  3659 | D:4      | Killed Crazy Yiuf
  3839 | D:5      | Entered Level 5 of the Dungeon
  3844 | D:5      | Reached XP level 7. HP: 54/55 MP: 7/7
  3964 | D:5      | Reached * piety under Trog
  3969 | D:5      | Reached skill level 5 in Fighting
  4045 | D:5      | Noticed a vampire mosquito
  4055 | D:5      | Killed a vampire mosquito
  4056 | D:5      | Gained mutation: A demonic guardian rushes to your aid.
                  | [demonic ancestry]
  4056 | D:5      | Reached XP level 8. HP: 54/62 MP: 8/8
  4118 | D:5      | Reached skill level 5 in Armour
  4121 | D:5      | Reached skill level 5 in Long Blades
  4601 | D:5      | Reached skill level 6 in Fighting
  5153 | D:5      | Identified a scroll of acquirement
  5153 | D:5      | Acquired a +5 demon whip of draining
  5257 | D:6      | Noticed Eustachio
  5271 | D:6      | Killed Eustachio
  5301 | D:6      | Found Eteffiad's Book Shoppe.
  5317 | D:6      | Gained mutation: You are partially covered in thin metallic
                  | scales. (AC +2) [demonic ancestry]
  5317 | D:6      | Reached XP level 9. HP: 69/69 MP: 9/9
  5320 | D:6      | Found a shadowy altar of Dithmenos.
  5328 | D:6      | Noticed Maggie
  5517 | D:7      | Found Caphes's Antique Armour Boutique.
  5520 | D:7      | Bought a pair of gloves for 153 gold pieces
  5647 | D:7      | Reached skill level 5 in Maces & Flails
  5653 | D:7      | Reached ** piety under Trog
  6275 | D:8      | Found Yrogiats's Gadget Gallery.
  6395 | D:8      | Noticed a troll
  6402 | D:8      | Killed a troll
  7224 | D:8      | Found a staircase to the Lair.
  7286 | D:8      | Noticed a deep elf pyromancer
  7298 | D:8      | Killed a deep elf pyromancer
  7299 | D:8      | Gained mutation: You are completely covered in sharp
                  | spines. [demonic ancestry]
  7299 | D:8      | Reached XP level 10. HP: 50/76 MP: 3/10
  7633 | D:8      | Noticed Rennog's ghost (novice DjTm)
  7637 | D:8      | Found a runed translucent door.
  7870 | D:8      | Killed Rennog's ghost
  8085 | D:9      | Noticed an orc sorcerer
  8089 | D:9      | Noticed an orange demon
  8090 | D:9      | Killed an orc sorcerer
  8093 | D:9      | Reached skill level 10 in Maces & Flails
  8098 | D:9      | Found the ring of the Octopus King
  8103 | D:9      | Identified a ring of the Octopus King {AC+1 EV+1 Str+1
                  | Int+1 Dex+1 SInv}
  8112 | D:9      | Noticed a boulder beetle
  8123 | D:9      | Killed a boulder beetle
  8130 | D:9      | Identified the ring "Zoseg" {Wiz SInv}
  8185 | D:9      | Noticed a sun demon
  8225 | D:9      | Gained mutation: Your touch may inflict minor irresistible
                  | damage on your foes. [demonic ancestry]
  8225 | D:9      | Reached XP level 11. HP: 81/81 MP: 11/11
  8462 | D:9      | Reached *** piety under Trog
  8687 | D:9      | Reached skill level 1 in Evocations
  9088 | D:9      | Reached skill level 5 in Dodging
  9113 | D:9      | Reached skill level 7 in Fighting
  9491 | D:9      | Noticed a two-headed ogre
  9495 | D:9      | Killed a two-headed ogre
  9766 | D:10     | Entered Level 10 of the Dungeon
  9896 | D:10     | Noticed a two-headed ogre
  9908 | D:10     | Killed a two-headed ogre
  9909 | D:10     | Reached skill level 5 in Shields
 10008 | D:10     | Found a staircase to the Orcish Mines.
 10025 | D:10     | Reached **** piety under Trog
 10151 | D:10     | Noticed Urug
 10175 | D:10     | Killed Urug
 10453 | D:10     | Found a burning altar of Makhleb.
 10832 | D:10     | Noticed Erolcha
 10872 | D:10     | Killed Erolcha
 10873 | D:10     | Reached XP level 12. HP: 69/91 MP: 8/12
 11006 | D:11     | Noticed a two-headed ogre
 11015 | D:11     | Killed a two-headed ogre
 11113 | D:11     | Noticed Nergalle
 11122 | D:11     | Killed Nergalle
 11398 | D:12     | Noticed a two-headed ogre
 11404 | D:12     | Killed a two-headed ogre
 11659 | D:12     | Identified the +6 flail of Inflation {protect, rF+ Stlth+}
 11844 | D:12     | Reached skill level 10 in Shields
 11926 | D:12     | Found a portal to a secret trove of treasure.
 12418 | D:13     | Noticed a boulder beetle
 12431 | D:13     | Noticed a two-headed ogre
 12438 | D:13     | Noticed a catoblepas
 12447 | D:12     | Killed a two-headed ogre
 12537 | Lair:1   | Entered Level 1 of the Lair of Beasts
 13066 | Lair:1   | Found a snail-covered altar of Cheibriados.
 13299 | Lair:1   | Noticed a seven-headed hydra
 13304 | Lair:1   | Killed a seven-headed hydra
 13305 | Lair:1   | Reached XP level 13. HP: 82/96 MP: 10/13
 13781 | Lair:2   | Reached ***** piety under Trog
 13984 | Lair:2   | Found a hole to the Spider Nest.
 14078 | Lair:2   | Received a gift from Trog
 15826 | Lair:4   | Reached skill level 15 in Shields
 16195 | Lair:4   | Reached skill level 8 in Fighting
 16604 | Lair:4   | Reached XP level 14. HP: 105/105 MP: 14/14
 16667 | Lair:4   | Found a staircase to the Swamp.
 17051 | Lair:4   | Acquired a manual of Dodging
 17466 | Lair:5   | Identified the +2 chain mail of Whack-A-Mole {Str+3}
 17490 | Lair:5   | Found a runed translucent door.
 17490 | Lair:5   | Found a viscous altar of Jiyva.
 17682 | Lair:5   | Noticed Kirke
 17693 | Lair:5   | Killed Kirke
 17694 | Lair:5   | Reached skill level 9 in Fighting
 17800 | Lair:5   | Noticed an acid blob
 18038 | Lair:5   | Found a staircase to the Slime Pits.
 18505 | Lair:6   | Entered Level 6 of the Lair of Beasts
 18658 | Lair:6   | Reached skill level 5 in Evocations
 19030 | Lair:6   | Reached skill level 10 in Fighting
 19614 | Lair:6   | Found a corrupted altar of Lugonu.
 19614 | Lair:6   | Found a one-way gate to the infinite horrors of the Abyss.
 20709 | Orc:1    | Entered Level 1 of the Orcish Mines
 20730 | Orc:1    | Paralysed by an orc sorcerer for 3 turns
 20889 | Orc:2    | Entered Level 2 of the Orcish Mines
 20901 | Orc:2    | Found a dark tunnel.
 20905 | Volcano  | Entered a volcano
 21113 | Orc:2    | Paralysed by an orc sorcerer for 3 turns
 21346 | Orc:1    | Paralysed by an orc sorcerer for 4 turns
 21560 | Orc:1    | Reached skill level 11 in Fighting
 21846 | Orc:2    | Found Hedghek's Distillery.
 21849 | Orc:2    | Reached XP level 15. HP: 113/114 MP: 15/15
 21856 | Orc:2    | Bought a potion of curing for 33 gold pieces
 21856 | Orc:2    | Bought a potion of curing for 33 gold pieces
 21856 | Orc:2    | Bought a potion of heal wounds for 55 gold pieces
 21856 | Orc:2    | Bought a potion of heal wounds for 55 gold pieces
 21856 | Orc:2    | Bought a potion of curing for 33 gold pieces
 21943 | Orc:2    | Found a staircase to the Elven Halls.
 22537 | Orc:2    | Found Culuisio's Magic Scroll Shoppe.
 22537 | Orc:2    | Found Arih's Antique Armour Shop.
 22538 | Orc:2    | Found Ogyce's Distillery.
 22538 | Orc:2    | Found Asefin's Antique Armour Boutique.
 22559 | Orc:2    | Received a gift from Trog
 22565 | Orc:2    | Bought a twisted cloak for 313 gold pieces
 22565 | Orc:2    | Identified the +2 cloak of Jeotti {+Inv Str+6} (You bought
                  | it in a shop on level 2 of the Orcish Mines)
 22571 | Orc:2    | Bought a scroll of teleportation for 45 gold pieces
 22571 | Orc:2    | Bought a scroll of teleportation for 45 gold pieces
 22571 | Orc:2    | Bought a scroll of fear for 52 gold pieces
 22571 | Orc:2    | Bought a scroll of teleportation for 45 gold pieces
 22571 | Orc:2    | Bought a scroll of teleportation for 45 gold pieces
 22571 | Orc:2    | Bought a scroll of enchant armour for 112 gold pieces
 22573 | Orc:2    | Bought 2 potions of curing for 72 gold pieces
 22573 | Orc:2    | Bought a potion of curing for 36 gold pieces
 22573 | Orc:2    | Bought a potion of might for 48 gold pieces
 22573 | Orc:2    | Bought a potion of resistance for 120 gold pieces
 22573 | Orc:2    | Bought a potion of might for 48 gold pieces
 22573 | Orc:2    | Bought a potion of lignification for 36 gold pieces
 23177 | D:13     | Reached skill level 10 in Dodging
 23240 | D:13     | Reached skill level 12 in Fighting
 23963 | D:14     | Found a gate to the Vaults.
 24132 | D:14     | Acquired the amulet of Zin's Supremacy {Reflect rCorr SH+5}
 24573 | D:14     | Reached ****** piety under Trog
 24574 | D:14     | Reached skill level 13 in Fighting
 24598 | D:14     | Identified the +3 rapier of Offence {venom, rC+}
 25047 | D:15     | Entered Level 15 of the Dungeon
 25514 | D:15     | Gained mutation: A powerful demonic guardian rushes to your
                  | aid. [demonic ancestry]
 25514 | D:15     | Reached XP level 16. HP: 130/130 MP: 16/16
 25812 | D:15     | Noticed Louise
 25823 | D:15     | Killed Louise
 25980 | D:15     | Found a stormy altar of Qazlal.
 25982 | D:15     | Found a radiant altar of Vehumet.
 26288 | D:15     | Found a staircase to the Depths.
 26562 | D:15     | Reached skill level 10 in Armour
 26712 | D:15     | Reached skill level 14 in Fighting
 26909 | D:15     | Identified the +12 morningstar of Circularity {vorpal, rC+
                  | Str+4} (Trog gifted it to you on level 15 of the Dungeon)
 26909 | D:15     | Received a gift from Trog
 26922 | D:15     | Gained mutation: Your touch may inflict irresistible damage
                  | on your foes. [demonic ancestry]
 26922 | D:15     | Reached XP level 17. HP: 140/140 MP: 17/17
 27322 | D:15     | Reached skill level 15 in Fighting
 27558 | D:15     | Reached skill level 10 in Evocations
 27560 | D:15     | Identified the +9 broad axe "Duf Bier" {vorpal, rN+}
 28248 | Swamp:1  | Entered Level 1 of the Swamp
 28815 | Elf:1    | Entered Level 1 of the Elven Halls
 28961 | Elf:1    | Found Cofeteb's General Store.
 28972 | Elf:1    | Identified the +9 mace of Popular Demand {vorpal, Str+4}
                  | (Trog gifted it to you on level 1 of the Elven Halls)
 28972 | Elf:1    | Received a gift from Trog
 28984 | Elf:1    | Bought a potion of heal wounds for 80 gold pieces
 28984 | Elf:1    | Bought a potion of haste for 160 gold pieces
 28984 | Elf:1    | Bought a scroll of fear for 56 gold pieces
 28984 | Elf:1    | Bought a phial of floods for 640 gold pieces
 29347 | Elf:1    | Found a magical portal.
 29355 | Elf:1    | Noticed Frances
 29364 | Elf:1    | Killed Frances
 29365 | Elf:1    | Reached XP level 18. HP: 149/149 MP: 18/18
 29375 | WizLab   | Entered The Chambers of the Cloud Mage
 29396 | WizLab   | Paralysed by an air elemental for 1 turns
 29514 | WizLab   | Paralysed by an air elemental for 1 turns
 29700 | WizLab   | Paralysed by an air elemental for 1 turns
 29705 | WizLab   | Paralysed by an air elemental for 1 turns
 29914 | WizLab   | Paralysed by an air elemental for 1 turns
 29916 | WizLab   | Paralysed by an air elemental for 1 turns
 30184 | WizLab   | Paralysed by an air elemental for 1 turns
 30712 | WizLab   | Paralysed by an air elemental for 1 turns
 30714 | WizLab   | Paralysed by an air elemental for 1 turns
 30737 | WizLab   | Reached skill level 16 in Fighting
 30930 | WizLab   | Noticed Qacoih
 30985 | WizLab   | Killed Qacoih the Cloud Mage
 31707 | Elf:1    | Found Sevet's General Store.
 31743 | Elf:1    | Received a gift from Trog
 31998 | Elf:2    | Found Millek Caor's Distillery.
 32017 | Elf:2    | Noticed Agnes
 32024 | Elf:2    | Killed Agnes
 32110 | Elf:2    | Found a frozen archway.
 32138 | IceCv    | Entered an ice cave
 34109 | IceCv    | Noticed an Ice Fiend
 34132 | IceCv    | Killed an Ice Fiend
 35186 | Elf:2    | Found a runed translucent gate.
 35186 | Elf:2    | Found a runed translucent gate.
 35188 | Elf:2    | Found a runed translucent gate.
 35301 | Elf:3    | Entered Level 3 of the Elven Halls
 35652 | Elf:3    | Paralysed by an air elemental for 1 turns
 35657 | Elf:3    | Paralysed by an air elemental for 1 turns
 35956 | Elf:3    | Found Edetzuhe's Armour Shop.
 36024 | Elf:3    | Reached skill level 17 in Fighting
 36942 | Elf:3    | Identified the +9 flail "Losos" {antimagic, Str+3 Dex+4
                  | SInv}
 37482 | Elf:3    | Identified the +11 great sword of Embarrassment {vamp,
                  | rCorr Dex+4}
 37492 | Elf:3    | Received a gift from Trog
 37515 | Elf:3    | Identified the +7 great mace of Doom {venom, Fragile Will+
                  | Int+3}
 37515 | Elf:3    | Identified the ring "Gaung" {Fly rPois AC+4 Int+5}
 37599 | Elf:3    | Identified the +4 battleaxe "Ixygerea" {freeze, rPois
                  | Dex+5}
 37606 | Elf:3    | Reached XP level 19. HP: 156/161 MP: 19/19
 37606 | Elf:3    | Noticed a Brimstone Fiend
 37606 | Elf:3    | Identified the +7 quarterstaff "Haubukhle" {freeze, Int+4}
 38028 | Elf:3    | Gained mutation: Your body sometimes deteriorates upon
                  | taking damage. [a cacodemon]
 38042 | Elf:3    | Noticed a Brimstone Fiend
 38372 | Elf:3    | Identified the +2 fustibalus of Etedgh {freeze, Will++
                  | Str-2 Dex+4}
 38523 | Elf:1    | Bought a scroll of acquirement for 728 gold pieces
 38523 | Elf:1    | Bought a potion of resistance for 140 gold pieces
 38523 | Elf:1    | Bought a scroll of teleportation for 42 gold pieces
 38523 | Elf:1    | Bought a scroll of fog for 28 gold pieces
 38523 | Elf:1    | Acquired a manual of Evocations
 38896 | Swamp:1  | Identified the ring "Jeozotea" {Fire Str+6 Int+4 SInv
                  | Stlth-}
 39016 | Swamp:1  | Noticed Josephine
 39026 | Swamp:1  | Killed Josephine
 39715 | Swamp:1  | Found a large runed translucent door.
 39715 | Swamp:1  | Found a large runed translucent door.
 39716 | Swamp:1  | Noticed pokeman's ghost (journeyman DEWz)
 39782 | Swamp:1  | Killed pokeman's ghost
 40624 | Swamp:2  | Reached skill level 18 in Fighting
 41351 | Swamp:3  | Received a gift from Trog
 41935 | Swamp:4  | Entered Level 4 of the Swamp
 42571 | Swamp:4  | Received a gift from Trog
 42955 | Swamp:4  | Paralysed by a fenstrider witch for 5 turns
 43024 | Swamp:4  | Reached skill level 15 in Dodging
 43298 | Swamp:4  | HP: 3/161 [phantasmal warrior (22)]
 43870 | Swamp:4  | Noticed a bone dragon
 43904 | Swamp:4  | Killed a bone dragon
 44497 | Swamp:4  | Got a decaying rune of Zot
 44682 | Spider:1 | Entered Level 1 of the Spider Nest
 44853 | Spider:1 | Reached XP level 20. HP: 172/172 MP: 20/20
 44952 | Spider:1 | Reached skill level 19 in Fighting
 44986 | Spider:1 | You are sucked into a shaft and drop 1 floor!
 45082 | Spider:1 | Received a gift from Trog
 45144 | Spider:1 | Noticed Mlioglotl
 45161 | Spider:1 | Killed Mlioglotl
 46220 | Spider:2 | Noticed Donald
 46224 | Spider:2 | Killed Donald
 46830 | Spider:2 | Reached skill level 15 in Evocations
 46991 | Spider:3 | Received a gift from Trog
 47593 | Spider:4 | Entered Level 4 of the Spider Nest
 47786 | Spider:4 | Reached skill level 20 in Fighting
 47995 | Spider:4 | Received a gift from Trog
 48758 | Spider:4 | Got a gossamer rune of Zot
 49125 | Vaults:1 | Entered Level 1 of the Vaults
 49164 | Vaults:1 | Reached skill level 15 in Armour
 49193 | Vaults:1 | Noticed Aizul
 49217 | Vaults:1 | Killed Aizul
 49408 | D:12     | You paid a toll of a +5 demon trident to enter a treasure
                  | trove
 49409 | Trove    | Entered a treasure trove
 49411 | Trove    | Found the +2 ratskin cloak {*Rats rPois rN+ Str-1 Int-1
                  | Dex+1}
 49411 | Trove    | Found the +3 hat of Pondering {ponderous, Will+ MP+10
                  | Int+5}
 49413 | Trove    | Identified the +3 kite shield of the Slightly Bent {rN++
                  | Stlth+}
 49424 | Trove    | Identified the +2 hat of the Thistle {rC+ Int+3 Dex+2}
 49442 | Trove    | Identified the +0 kite shield "Josmerr" {rPois}
 50648 | Vaults:1 | Gained mutation: Your touch may irresistibly damage your
                  | foes and sap their willpower. [demonic ancestry]
 50648 | Vaults:1 | Reached XP level 21. HP: 96/183 MP: 21/21
 51583 | Vaults:2 | Reached skill level 15 in Maces & Flails
 51844 | Vaults:2 | Noticed Asterion
 51876 | Vaults:2 | Killed Asterion
 51876 | Vaults:2 | Received a gift from Trog
 52096 | Vaults:2 | Found a staircase to the Crypt.
 52579 | Vaults:2 | Acquired the ring "Gunafy" {rPois rC+ Will+}
 53045 | Vaults:2 | Found a runed translucent gate.
 53045 | Vaults:2 | Found a runed translucent gate.
 53047 | Vaults:2 | Identified the +6 chain mail of Benevolence {-Cast rN++
                  | Str+5}
 53049 | Vaults:2 | Found a runed translucent gate.
 53387 | Vaults:2 | Noticed Tang's ghost (master DsGl)
 53862 | Vaults:3 | Received a gift from Trog
 53964 | Vaults:3 | Identified the +3 hunting sling of Compassion {vorpal,
                  | Will+ Str+2}
 54798 | Vaults:3 | Identified the amulet "Caheal" {Acrobat Will+ Dex+2}
 55187 | Vaults:4 | Acquired 676 gold pieces
 55188 | Vaults:4 | Acquired the +9 demon whip "Carghaiha" {vorpal, rN+}
 55189 | Vaults:4 | Acquired 824 gold pieces
 55294 | Vaults:4 | Reached skill level 21 in Fighting
 55382 | Vaults:4 | Received a gift from Trog
 56494 | Vaults:4 | Reached XP level 22. HP: 169/196 MP: 22/22
 56496 | Vaults:4 | Reached skill level 22 in Fighting
 57392 | Depths:1 | Entered Level 1 of the Depths
 57582 | Depths:1 | Identified the +6 quarterstaff of Keor {vorpal, Will+}
                  | (Trog gifted it to you on level 1 of the Depths)
 57582 | Depths:1 | Received a gift from Trog
 57933 | Depths:1 | Annihilated by an orc warlord

Illustrated notes

Levels and vault maps discovered:
D:1:      wander_arrival_fairy_ring, layout_basic,
          shapermc_ecumenical_altar_mp_highgroup, serial_bayou_pond_e
D:2:      layout_basic
D:3:      layout_basic, mainiacjoe_overflow_alcove_2, zin_angel
D:4:      layout_loops_ring, grunt_temple_overflow_open,
          minmay_temple_entry_offerings, uniq_crazy_yiuf_cottage, uniq_ijyb
D:5:      minmay_chambers_of_threes, layout_basic, guppyfry_early_lair_pool
D:6:      layout_gridville, old_standard_altar, serial_shops,
          kennysheep_mini_moat, grunt_ministairs_4, nicolae_shop_self_help,
          uniq_eustachio, uniq_maggie
D:7:      layout_basic, serial_shops, kennysheep_mini, hangedman_decor_push,
          hex_medium
D:8:      layout_basic, erik_lair_island, hellmonk_ghost_happy_afterlife,
          nicolae_shop_gadgets
D:9:      minmay_the_grid_3x3 [minmay_the_grid_spikes, minmay_the_grid_tri_star,
          minmay_the_grid_medium_cups, minmay_the_grid_tiny_cups,
          minmay_the_grid_garden, minmay_the_grid_broken_lines,
          minmay_the_grid_minigrid_small, minmay_the_grid_tree,
          minmay_the_grid_prize_diamond_cup], layout_basic
D:10:     layout_roguey, mainiacjoe_overflow_chevrons, zombieorc2_lemuel,
          uniq_erolcha, uniq_urug
D:11:     layout_big_octagon, uniq_nergalle
D:12:     layout_loops_cross, nicolae_trove_entry_free_sample
D:13:     layout_cave_pools
D:14:     layout_loops_ring, lightli_vaults_fourway_checkpoint
D:15:     hangedman_slaughterboxes, uniq_louise
Temple:   minmay_freezing_vapour_temple
Lair:1:   layout_regular_city, kennysheep_snail_temple
Lair:2:   layout_roguey, spider_nest_entry_webs, grunt_forest_stairs_clearing
Lair:3:   layout_regular_city
Lair:4:   beast_lair_carwin_large_4, layout_misc_corridors,
          skrybe_swamp_entry_bodies
Lair:5:   layout_cave_pods, slime_altar_2, grunt_megastairs_3,
          serial_bayou_shore_a, uniq_kirke
Lair:6:   hellmonk_lair_end_abyssal_woods, layout_hall_layers
Swamp:1:  layout_basic_swamp, ebering_ghost_disaster_area,
          evilmike_swamp_ruin_rubble_1, swamp_pool2,
          nicolae_swamp_super_fun_site, uniq_josephine
Swamp:2:  layout_basic_swamp, basic_altar, infiniplex_staircase_pool
Swamp:3:  layout_basic_swamp, hangedman_swamp_ruin_hall
Swamp:4:  swamp_pestilence, layout_basic_swamp
Spider:1: nicolae_spider_hilbert_zone_1 [nicolae_spider_hilbert_4_sides_1_open,
          nicolae_spider_hilbert_4_sides_1_open,
          nicolae_spider_hilbert_4_sides_1_open,
          nicolae_spider_hilbert_4_sides_1_open,
          nicolae_spider_hilbert_3_sides_1_open,
          nicolae_spider_hilbert_3_sides_1_open,
          nicolae_spider_hilbert_3_sides_1_open,
          nicolae_spider_hilbert_3_sides_1_open,
          nicolae_spider_hilbert_3_sides_1_open,
          nicolae_spider_hilbert_6_sides_1_open,
          nicolae_spider_hilbert_6_sides_1_open,
          nicolae_spider_hilbert_3_sides_1_open,
          nicolae_spider_hilbert_3_sides_1_open,
          nicolae_spider_hilbert_3_sides_1_open,
          nicolae_spider_hilbert_3_sides_1_open,
          nicolae_spider_hilbert_2_sides_1_open], uniq_mlioglotl
Spider:2: layout_spider_delve, guppyfry_spider_mini_1,
          hangedman_spider_tarantella_strand, uniq_donald
Spider:3: layout_spider_delve
Spider:4: grunt_spider_rune_circles, nicolae_spider_checkerboard
Orc:1:    layout_caves, lightli_orcish_oven
Orc:2:    st_orc_ogre_mass, layout_caves, serial_shops, shop, enter_volcano_1
Elf:1:    layout_geoelf_grid, mu_enter_wizlab_7, serial_shops, shop, shop,
          evilmike_minifort, st_stairs_2, uniq_frances
Elf:2:    elven_hall_of_blades_hangedman_original
          [nicolae_blade_entry_floor_patterns], layout_geoelf_octagon,
          portal_ice_cave_entry_pillars_four, serial_shops,
          nicolae_stop_n_shop_2, nicolae_elf_crossing_hall,
          lemuel_upstairs_altar, uniq_agnes
Elf:3:    elf_hall, layout_loops_corners, serial_shops, nicolae_diamond_shop,
          grunt_ministairs_1
Vaults:1: nicolae_vaults_network_barrier, vaults_room_door_hall,
          v_alt_pattern_3, serial_ice_m, grunt_vaults_funnel,
          vaults_dpeg_encased_lava, layout_vaults_omnigrid, uniq_aizul
Vaults:2: biasface_ghost_orc_armoury, v_misc_13,
          ontoclasm_vaults_decontamination, ontoclasm_vaults_chip,
          nicolae_vaults_mini_display_case, vaults_mumra_chevron,
          blue_anna_dwarven_crypt, v_pattern_5, nicolae_vaults_yaktaur_gun_rack,
          grunt_vaults_hallway_short, nicolae_vaults_alarming,
          layout_vaults_chaotic_city, uniq_asterion
Vaults:3: v_misc_24, nicolae_vaults_little_squares_4, v_misc_17, v_misc_22,
          vaults_standard_mumra_x, hangedman_vaults_slither, dpeg_vaults_waves,
          nicolae_vaults_network_square, hangedman_vaults_stretched_pinwheel,
          nicolae_vaults_sealed_display, nicolae_vaults_little_squares_2,
          layout_vaults_maze_snakey
Vaults:4: vaults_dpeg_cross, v_pattern_2, st_octagons_2,
          nicolae_vaults_disjoint_gnomons, grunt_vaults_trifunnel,
          ontoclasm_vaults_gateway, v_rooms_1, vaults_room_stairs_pillars,
          v_misc_13, grunt_vaults_swirl, vaults_room_door_ring, v_misc_31,
          vaults_dpeg_hooks, v_misc_25, ontoclasm_vaults_ligature,
          layout_vaults_omnibox
Depths:1: layout_gridlike, hangedman_coc_ice_floe, abyss_entry, minmay_orc_keep,
          roderic_lattice_octagonal_star, kennysheep_random_hallway,
          infiniplex_staircase_pool_lava, minmay_shop_grove

Skill      XL: |  1  2  3  4  5  6  7  8  9 10 11 12 13 14 15 16 17 18 19 20 21 22 |
---------------+-------------------------------------------------------------------+-----
Shields        | 3 4 8 12 15 | 15.0
Long Blades    | 2 3 4 5 |  5.3
Armour         | 3 4 5 6 8 9 10 11 12 13 15 | 15.0
Dodging        | 1 2 3 4 5 8 11 12 13 14 15 | 15.3
Fighting       | 4 5 6 7 8 11 13 14 15 17 18 20 21 22 | 22.8
Maces & Flails | 2 8 11 12 14 17 | 17.0
Evocations     | 2 3 6 8 9 10 11 14 15 | 15.0

Action                   |  1- 3 |  4- 6 |  7- 9 | 10-12 | 13-15 | 16-18 | 19-21 | 22-24 || total
-------------------------+-------+-------+-------+-------+-------+-------+-------+-------++-------
Melee: Long sword        |    64 |       |       |       |       |       |       |       ||    64
       Rapier            |    20 |   106 |   160 |       |       |       |       |       ||   286
       Unarmed           |       |     3 |       |       |       |       |       |       ||     3
       Demon whip        |       |       |     7 |   459 |  1063 |   881 |  1913 |   274 ||  4597
Throw: Stone             |    11 |       |       |       |       |       |       |       ||    11
       Dart              |       |    33 |    51 |     8 |    29 |     8 |     1 |       ||   130
Invok: Berserk           |       |       |     1 |     8 |     1 |     7 |     5 |     1 ||    23
       Trog's Hand       |       |       |     1 |     3 |     7 |     9 |     8 |     1 ||    29
       Brothers in Arms  |       |       |       |     2 |     3 |     9 |       |       ||    14
Evoke: Wand              |       |       |     5 |     9 |     4 |     2 |    11 |       ||    31
       Condenser vane    |       |       |       |     2 |     3 |     4 |    11 |     1 ||    21
       Tin of tremorston |       |       |       |     2 |     4 |     6 |    19 |     1 ||    32
       Box of beasts     |       |       |       |       |       |     1 |       |       ||     1
       Lightning rod     |       |       |       |       |       |       |     5 |       ||     5
       Phial of floods   |       |       |       |       |       |       |     1 |       ||     1
  Use: Scroll            |       |     4 |     7 |    11 |    11 |     8 |    12 |     5 ||    58
       Potion            |       |       |       |       |     2 |     9 |     6 |     1 ||    18
 Stab: Petrified         |       |       |       |       |     8 |       |       |       ||     8
       Distracted        |       |       |       |       |       |     1 |     4 |       ||     5
Armor: Scale mail        |    66 |    38 |    65 |    53 |       |       |       |       ||   222
       Acid dragon scale |       |       |       |    61 |    50 |       |       |       ||   111
       Chain mail        |       |       |       |       |   151 |   193 |   504 |    29 ||   877
       Fire dragon scale |       |       |       |       |       |       |       |    22 ||    22
Dodge: Dodged            |    65 |    50 |    71 |   139 |   178 |   188 |   611 |    58 ||  1360
Block: Buckler           |    18 |    24 |    44 |    79 |       |       |       |       ||   165
       Kite shield       |       |       |       |    69 |   471 |   563 |  1542 |   169 ||  2814
       Reflection        |       |       |       |       |    10 |    53 |    51 |     6 ||   120

Table legend: (Time is in decaauts)
 A = Elapsed time spent in this place.
 B = Non-inter-level travel time spent in this place.
 C = Inter-level travel time spent in this place.
 D = Time resting spent in this place.
 E = Time spent auto-exploring this place.
 F = Levels seen in this place.
 G = Mean time per level.
                   A        B        C        D        E       F      G
               +--------+--------+--------+--------+--------+-----+--------+
         Total |  55895 |  52702 |   3193 |  13434 |  29266 |  44 | 1270.3 |
       Dungeon |  17952 |  16692 |   1260 |   2740 |  10748 |  15 | 1196.8 |
        Temple |     31 |     27 |      4 |      0 |     10 |   1 |   31.0 |
          Lair |   8544 |   7964 |    580 |   1353 |   5341 |   6 | 1424.0 |
         Swamp |   5688 |   5538 |    150 |   2565 |   1907 |   4 | 1422.0 |
   Spider Nest |   3856 |   3655 |    201 |    899 |   1910 |   4 |  964.0 |
  Orcish Mines |   2148 |   1919 |    229 |    379 |   1078 |   2 | 1074.0 |
   Elven Halls |   5543 |   5107 |    436 |   1862 |   2443 |   3 | 1847.7 |
        Vaults |   7333 |   7003 |    330 |    876 |   4894 |   4 | 1833.2 |
        Depths |    435 |    435 |      0 |    191 |     86 |   1 |  435.0 |
         Trove |    107 |    107 |      0 |      0 |      2 |   1 |  107.0 |
      Ice Cave |   2102 |   2102 |      0 |   1663 |    143 |   1 | 2102.0 |
       Volcano |    199 |    199 |      0 |      0 |     63 |   1 |  199.0 |
        Wizlab |   1951 |   1951 |      0 |    905 |    638 |   1 | 1951.0 |
               +--------+--------+--------+--------+--------+-----+--------+

Top non-repeatable levels by time:
   Elf:3: 3028 daAuts
    D:15: 2675 daAuts
 Swamp:4: 2140 daAuts
Vaults:1: 2117 daAuts
   IceCv: 2102 daAuts
  Lair:6: 1962 daAuts
  WizLab: 1951 daAuts
     D:8: 1865 daAuts
Vaults:4: 1864 daAuts
     D:9: 1852 daAuts
Vaults:2: 1833 daAuts
    D:14: 1625 daAuts
  Lair:4: 1574 daAuts
   Orc:2: 1536 daAuts
Vaults:3: 1518 daAuts
